 Dungeon Crawl Stone Soup version 0.21-a0-633-g4c047d5 (webtiles) character file.

5903 Alarkh the Carver (level 10, 0/70 HPs)
             Began as a Mummy Chaos Knight on Dec 28, 2017.
             Slain by a spiny frog (6 damage)
             ... on level 8 of the Dungeon.
             The game lasted 00:20:40 (10340 turns).

Alarkh the Carver (Mummy Chaos Knight)             Turns: 10340, Time: 00:20:41

Health: 0/70       AC:  9    Str: 16    XL:     10   Next: 53%
Magic:  10/10      EV: 10    Int: 14    God:    Xom [...*..]
Gold:   425        SH:  0    Dex: 12    Spells: 9/9 levels left

rFire    . . .     SeeInvis .   b - +5 falchion
rCold    + . .     Gourm    .   (no shield)
rNeg     + + +     Faith    .   s - +1 ring mail {rF+}
rPois    ∞         Spirit   .   i - +0 helmet
rElec    .         Reflect  .   (no cloak)
rCorr    .         Harm     .   w - +1 pair of gloves
MR       +....                  (no boots)
Stlth    +.........             r - amulet of regeneration
HPRegen  0.61/turn              m - ring of wizardry
MPRegen  0.12/turn              v - ring of wizardry

@: no status effects
A: no food or potions, fire vulnerability, cold resistance 1, negative energy
resistance 3, torment resistance, unbreathing
a: Renounce Religion


You were on level 8 of the Dungeon.
You worshipped Xom.
You were a favourite toy of Xom.
You were not hungry.

You visited 3 branches of the dungeon, and saw 12 of its levels.

You collected 425 gold pieces.

Inventory:

Hand Weapons
 a - a +0 falchion of chaos
 b - a +5 falchion (weapon)
 q - a +1 glaive of chaos
Armour
 i - a +0 helmet (worn)
 k - a +3 ring mail
 s - a +1 ring mail of fire resistance (worn)
 w - a +1 pair of gloves (worn)
Magical Staves
 o - an uncursed staff of energy
Jewellery
 m - a ring of wizardry (left hand)
 r - an amulet of regeneration (around neck)
 u - an uncursed amulet of the gourmand
 v - a ring of wizardry (right hand)
Wands
 h - a wand of random effects (20)
 l - a wand of acid (4)
 p - a wand of enslavement (13)
 t - a wand of scattershot (3)
Scrolls
 c - 2 scrolls of random uselessness
 d - 4 scrolls of remove curse
 e - 6 scrolls of identify
 f - 3 scrolls of amnesia
 g - 3 scrolls of teleportation
 j - 5 scrolls of magic mapping


   Skills:
 - Level 3.0 Fighting
 + Level 13.1 Long Blades
 - Level 1.5 Armour
 - Level 0.7 Dodging


You had 9 spell levels left.
You didn't know any spells.

Dungeon Overview and Level Annotations

Branches:
Dungeon (10/15)            Temple (1/1) D:6            Lair (1/6) D:8
    Orc: D:9-12

Altars:
Ashenzari
Cheibriados
Dithmenos
Elyvilon
Fedhas
Gozag
Hepliaklqana
Kikubaaqudgha
Makhleb
Nemelex Xobeh
Okawaru
Qazlal
Ru
Sif Muna
Trog
Uskayaw
Vehumet
Wu Jian
Xom
Yredelemnul
Zin
The Shining One

Shops:
D:6 %

Annotations:
D:7 Typee's ghost, novice OgGl
D:9 Gastronok; Moebius's ghost, novice DrFE
D:10 Joseph; Psyche


Innate Abilities, Weirdness & Mutations

You do not eat or drink.
Your flesh is vulnerable to fire.
You are immune to poison.
Your flesh is cold resistant. (rC+)
You are immune to negative energy. (rN+++)
You are immune to unholy pain and torment.
You can survive without breathing.


Message History

The wolf is almost dead.
The wolf bites you but does no damage.
You hit the wolf.
You kill the wolf!
You hit the spiny frog.
The spiny frog is lightly wounded.
The spiny frog closely misses you.
You slash the spiny frog!
The spiny frog is moderately wounded.
The spiny frog stings you!!
* * * LOW HITPOINT WARNING * * *
You hit the spiny frog.
The spiny frog is moderately wounded.
The spiny frog stings you!
* * * LOW HITPOINT WARNING * * *
You slash the spiny frog!
The spiny frog is heavily wounded.
The spiny frog stings you.
You die...
Xom bursts into laughter!

#.##......# #####....# #...#
#.##......# #........# #...#
#.##......###........##########
#.................(............
###############.....#############
..........<......................
###############.....#############
........# #.....# # ........#
##@#### # ........# #F## #
........# #..# ###### #
........###### ##.## #....#####
.............###...## #........'
...(.........##.....## #....#####
.............#.......# #....# #
####.##......#.P.....###.W..# #
##+##................'....#####


You could see a spiny frog.

Vanquished Creatures
  Snorg (D:10)
  A polar bear (D:7)
  A hornet (D:9)
  Grinder (D:6)
  Menkaure (D:6)
  A swamp drake (shapeshifter) (D:7)
  Duvessa (D:6)
  A sky beast (D:6)
  2 phantoms
  2 ice beasts (D:9)
  4 ogres
  3 wolves (D:8)
  2 centaurs
  A big kobold (D:7)
  6 bullfrogs
  Dowan (D:6)
  A wight (D:8)
  6 howler monkeys
  A centaur zombie (D:9)
  A bullfrog zombie (D:5)
  7 crimson imps
  5 jellies
  A bullfrog skeleton (D:6)
  3 centaur skeletons
  An orc priest (D:8)
  3 hounds (D:9)
  2 orc wizards
  6 worker ants
  A killer bee zombie (D:8)
  Robin (D:3)
  A howler monkey zombie (D:9)
  18 gnolls
  A worker ant zombie (D:5)
  6 adders
  4 river rats (D:7)
  4 shadow imps
  An ooze (D:1)
  An adder zombie (D:5)
  3 dart slugs
  4 leopard geckos
  25 orcs
  6 bats
  A giant cockroach (shapeshifter) (D:7)
  4 giant cockroaches
  18 goblins
  6 hobgoblins
  4 jackals (D:7)
  4 quokkas
  3 ball pythons (D:1)
  5 frilled lizards
  11 kobolds
  A leopard gecko skeleton (D:4)
  A leopard gecko zombie (D:5)
  6 rats
206 creatures vanquished.

Vanquished Creatures (collateral kills)
  An elephant (D:8)
  A yak (D:8)
  A basilisk (D:8)
  A hungry ghost (D:8)
  A phantom (D:6)
  A crocodile (D:8)
  3 wights (D:8)
  A hound (D:8)
  2 gnolls (D:7)
  2 orcs (D:8)
14 creatures vanquished.

Vanquished Creatures (others)
  3 gnolls (D:4)
  A fungus (D:8)
  10 plants (D:7)
14 creatures vanquished.

Grand Total: 234 creatures vanquished

Notes
Turn   | Place    | Note
-------+----------+-------------------------------------------
     0 | D:1      | Alarkh the Mummy Chaos Knight began the quest for the Orb.
     0 | D:1      | Reached XP level 1. HP: 18/18 MP: 1/1
    86 | D:1      | Reached skill level 3 in Long Blades
    86 | D:1      | Reached XP level 2. HP: 23/24 MP: 2/2
   200 | D:1      | XOM: potion effect (agility)
   237 | D:1      | XOM: divination: detect items
   317 | D:1      | Reached XP level 3. HP: 29/29 MP: 3/3
   376 | D:1      | XOM: summons 1 hostile demon
   706 | D:2      | XOM: scenery: create altars
   727 | D:2      | Found a shadowy altar of Dithmenos.
   950 | D:2      | Found a burning altar of Makhleb.
   955 | D:2      | Noticed Robin
   972 | D:2      | XOM: mild Ice miscast
  1104 | D:2      | XOM: medium Hex miscast
  1114 | D:2      | XOM: severe Ice miscast
  1293 | D:2      | XOM: 2-stop teleportation journey
  1467 | D:3      | Reached skill level 4 in Long Blades
  1538 | D:3      | Reached XP level 4. HP: 35/35 MP: 4/4
  1667 | D:3      | Noticed a centaur
  1678 | D:3      | Killed a centaur
  1678 | D:3      | Reached XP level 5. HP: 10/41 MP: 5/5
  1816 | D:3      | XOM: harmless Chrm miscast
  1999 | D:3      | XOM is BORED!
  1999 | D:3      | XOM: mild Air miscast
  2014 | D:3      | Killed Robin
  2014 | D:3      | Reached skill level 5 in Long Blades
  2136 | D:2      | XOM: noise
  2194 | D:3      | XOM: medium Erth miscast
  2422 | D:3      | XOM: summons 2 hostile demons
  3035 | D:4      | XOM: fog
  3324 | D:4      | XOM: destruction
  3583 | D:3      | XOM: confuse monster(s)
  3683 | D:3      | XOM: god gift: sedimented brown potion {god gift}
  3782 | D:4      | Reached XP level 6. HP: 47/47 MP: 6/6
  3854 | D:5      | Entered Level 5 of the Dungeon
  4038 | D:5      | XOM: 2-stop teleportation journey
  4133 | D:5      | XOM: confuse monster(s)
  4149 | D:5      | Found a shimmering altar of Xom.
  4216 | D:5      | Reached skill level 6 in Long Blades
  4580 | D:5      | XOM: cloud trail
  4688 | D:5      | XOM: cast spell 'Alistair's Intoxication'
  4689 | D:5      | XOM: scenery: create altars
  4723 | D:5      | XOM: 1-stop teleportation journey
  4768 | D:5      | XOM: fog
  4917 | D:5      | XOM: scenery: create altars
  5114 | D:6      | XOM: stealth player
  5118 | D:6      | Reached XP level 7. HP: 50/52 MP: 7/7
  5197 | D:6      | Found an ornate altar of the Wu Jian Council.
  5201 | D:6      | XOM: god gift: runed glaive {god gift}
  5206 | D:6      | XOM: summons 7 friendly demons
  5213 | D:6      | Reached skill level 7 in Long Blades
  5219 | D:6      | Found a bloodstained altar of Trog.
  5248 | D:6      | Found Foudah's Food Shop.
  5273 | D:6      | Found an iron altar of Okawaru.
  5280 | D:6      | Found a basalt altar of Yredelemnul.
  5323 | D:6      | XOM: god gift: trident {god gift}
  5335 | D:6      | Noticed Menkaure
  5336 | D:6      | XOM: summons 3 hostile demons
  5347 | D:6      | XOM: confuse monster(s)
  5464 | D:6      | XOM: butterfly on damage
  5471 | D:6      | XOM: butterfly on damage
  5654 | D:6      | XOM: fog
  5658 | D:6      | Killed Menkaure
  5888 | D:6      | XOM: cleaving
  5901 | D:6      | Noticed Dowan
  5937 | D:6      | XOM: harmless Summ miscast
  5952 | D:6      | Found a staircase to the Ecumenical Temple.
  5980 | Temple   | XOM: stealth player
  5980 | Temple   | Entered the Ecumenical Temple
  6208 | D:6      | XOM: confusion
  6217 | D:6      | Reached skill level 8 in Long Blades
  6251 | D:6      | Reached XP level 8. HP: 38/58 MP: 8/8
  6316 | D:6      | Noticed Duvessa
  6383 | D:6      | Killed Duvessa
  6424 | D:6      | Killed Dowan
  6537 | D:6      | Reached skill level 9 in Long Blades
  6614 | D:6      | XOM: polymorph bullfrog -> howler monkey
  6650 | D:6      | Noticed Grinder
  6653 | D:6      | Paralysed by Grinder for 5 turns
  6662 | D:6      | XOM: cleaving
  6668 | D:6      | Paralysed by Grinder for 3 turns
  6678 | D:6      | Killed Grinder
  6681 | D:6      | XOM: fog
  6928 | D:6      | XOM: cloud trail
  7041 | D:7      | XOM: 2-stop teleportation journey
  7042 | D:7      | Noticed Typee's ghost (novice OgGl)
  7066 | D:7      | Reached skill level 10 in Long Blades
  7083 | D:7      | XOM: confuse monster(s)
  7103 | D:7      | XOM: cleaving
  7134 | D:7      | XOM: fog
  7246 | D:7      | Found an opulent altar of Gozag.
  7359 | D:7      | Noticed a hippogriff
  7359 | D:7      | XOM: enchant monster (good)
  7361 | D:7      | Noticed a polar bear
  7361 | D:7      | a hippogriff changed into a polar bear
  7361 | D:7      | XOM: polymorph hippogriff -> polar bear
  7375 | D:7      | XOM: enchant monster (good)
  7382 | D:7      | Killed a polar bear
  7382 | D:7      | Reached XP level 9. HP: 34/63 MP: 9/9
  7545 | D:7      | XOM: harmless Erth miscast
  7818 | D:7      | XOM: blink monster(s)
  7840 | D:7      | XOM: harmless Chrm miscast
  8010 | D:7      | XOM: chaos cloud
  8050 | D:7      | XOM: silly message
  8050 | D:7      | XOM: smoke on damage
  8051 | D:7      | XOM: mild Tloc miscast
  8152 | D:7      | XOM: summons 4 hostile shadow creatures
  8178 | D:7      | XOM: confusion
  8218 | D:7      | XOM: scenery: create altars
  8319 | D:7      | XOM: harmless Pois miscast
  8520 | D:7      | Reached skill level 11 in Long Blades
  8568 | D:8      | XOM: smoke on damage
  8581 | D:8      | XOM: confusion (+ monsters)
  8643 | D:8      | Noticed an elephant
  8655 | D:8      | Killed an elephant
  8677 | D:8      | Found a staircase to the Lair.
  8710 | D:8      | XOM: fake destruction
  8719 | D:8      | XOM: cast spell 'Summon Dragon'
  8784 | D:8      | Found an iron altar of Okawaru.
  9248 | D:9      | XOM: god gift: 15 stones
  9263 | D:9      | Reached skill level 12 in Long Blades
  9358 | D:9      | Noticed Moebius's ghost (novice DrFE)
  9359 | D:9      | XOM: enchant monster (good)
  9430 | D:9      | Reached XP level 10. HP: 55/70 MP: 10/10
  9444 | D:10     | Entered Level 10 of the Dungeon
  9450 | D:10     | XOM: 2-stop teleportation journey
  9451 | D:10     | Noticed Snorg
  9451 | D:10     | XOM: summons 2 hostile demons
  9455 | D:10     | Killed Snorg
  9468 | D:10     | Noticed Joseph
  9478 | D:10     | XOM: confusion (+ monsters)
  9495 | D:10     | Noticed a two-headed ogre
  9502 | D:10     | Noticed Psyche
  9504 | D:10     | XOM: butterfly on damage
  9524 | D:10     | HP: 1/70 [worker ant (7)]
  9639 | D:9      | XOM: confusion (+ monsters)
  9713 | D:9      | XOM: mild Erth miscast
  9837 | D:9      | XOM: harmless Chrm miscast
  9901 | D:9      | Noticed Gastronok
  9913 | D:9      | XOM: summons 2 hostile demons
  9984 | D:9      | XOM: cleaving
  9993 | D:9      | Reached skill level 13 in Long Blades
 10004 | D:9      | XOM: fake destruction
 10006 | D:9      | XOM: summons friendly shadow imp
 10099 | D:9      | XOM: god gift: 15 stones
 10215 | Lair:1   | Entered Level 1 of the Lair of Beasts
 10215 | Lair:1   | Noticed a spiny frog
 10223 | D:8      | XOM: smoke on damage
 10340 | D:8      | Slain by a spiny frog

Vault maps used:
D:1:      onia_arrival_pentagram, minmay_shallow_snake_nest
D:2:      grunt_dithmenos_smoke_and_mirrors, nicolae_overflow_hidden_temple,
          minivault_11, uniq_robin
D:4:      first_ration
D:5:      tgw_xom
D:6:      grunt_temple_overflow_open, amethyst_overflow_temple_binary,
          minmay_temple_entry_steel_oval, serial_shops,
          nicolae_shop_behind_doors, uniq_menkaure, uniq_duvessa, uniq_grinder
D:7:      wad_woods_tower, grunt_ogre_cave, grunt_gozag_statues
D:8:      david_lair_generic, okawaru_gym_becter
D:9:      led_sif_pool, uniq_gastronok
D:10:     minivault_4, uniq_joseph, uniq_psyche, uniq_snorg
Temple:   nicolae_temple_elliptical
Lair:1:   grunt_megastairs_3, lemuel_fruit_tree

Skill      XL: |  1  2  3  4  5  6  7  8  9 10 |
---------------+-------------------------------+-----
Long Blades    | 3 4 5 6 8 10 12 13 | 13.1
Fighting       | |  3.0
Armour         | |  1.5
Dodging        | |  0.7

Action                   |  1- 3 |  4- 6 |  7- 9 | 10-12 || total
-------------------------+-------+-------+-------+-------++-------
Melee: Falchion          |    91 |   251 |   541 |   139 ||  1022
       Glaive            |       |       |     2 |       ||     2
Evoke: Wand              |       |       |     2 |    16 ||    18
  Use: Scroll            |       |     7 |     2 |     2 ||    11
 Stab: Paralysed         |     2 |     2 |     6 |       ||    10
       Sleeping          |     1 |       |       |       ||     1
       Petrified         |       |     1 |     3 |       ||     4
       Confused          |       |     1 |    18 |     3 ||    22
       Petrifying        |       |       |     1 |       ||     1
       Distracted        |       |       |     1 |       ||     1
Armor: Leather armour    |    41 |    12 |       |       ||    53
       Ring mail         |       |   147 |   166 |    59 ||   372
Dodge: Dodged            |    67 |   162 |   226 |    70 ||   525
       Rpst.: Falchion   |    23 |    51 |    72 |    17 ||   163

Table legend:
 A = Spawn XP
 B = Non-spawn XP
 C = Spawn XP percentage of total XP
 D = Spawn monster count
 E = Non-spawn monster count
 F = Spawn count percentage of total count
 G = Total turns spent on level
                    A         B        C        D         E        F      G
               +---------+---------+-------+---------+---------+-------+---------
         Total |       0 |    8433 |   0.0 |       0 |     221 |   0.0 | 10340
               +---------+---------+-------+---------+---------+-------+---------
           D:1 |       0 |      45 |   0.0 |       0 |      25 |   0.0 |   532
           D:2 |       0 |      53 |   0.0 |       0 |      22 |   0.0 |  1092
           D:3 |       0 |     217 |   0.0 |       0 |      25 |   0.0 |  1708
           D:4 |       0 |      67 |   0.0 |       0 |       9 |   0.0 |   881
           D:5 |       0 |     325 |   0.0 |       0 |      21 |   0.0 |  1069
           D:6 |       0 |    1745 |   0.0 |       0 |      27 |   0.0 |  1525
           D:7 |       0 |    1323 |   0.0 |       0 |      34 |   0.0 |  1520
           D:8 |       0 |    1449 |   0.0 |       0 |      25 |   0.0 |   981
           D:9 |       0 |    2039 |   0.0 |       0 |      30 |   0.0 |   758
          D:10 |       0 |    1159 |   0.0 |       0 |       2 |   0.0 |    87
        Temple |       0 |      11 |   0.0 |       0 |       1 |   0.0 |   182
               +---------+---------+-------+---------+---------+-------+---------
